 Dungeon Crawl Stone Soup version 0.30.0-29-ga12c61a403 (webtiles) character file.

Game seed: 4962609768756052717

104 Arctor the Conjurer (level 4, -1/25 HPs)
             Began as a Gargoyle Conjurer on June 21, 2023.
             Shot with an arrow by a centaur (4 damage)
             ... on level 4 of the Dungeon.
             The game lasted 00:03:50 (3397 turns).

Arctor the Conjurer (Gargoyle Conjurer)             Turns: 3397, Time: 00:03:51

Health: -1/25      AC:  6    Str: 11    XL:     4   Next: 80%
Magic:  17/17      EV: 12    Int: 20    God:
Gold:   241        SH:  0    Dex:  8    Spells: 5/8 levels left

rFire   . . .        o - +1 short sword "Tesmosha" {elec, *Corrode rPois Will+}
rCold   x . .        (no shield)
rNeg    + . .        a - +1 robe
rPois   ∞            (no helmet)
rElec   +            (no cloak)
rCorr   .            (no gloves)
SInv    .            (no boots)
Will    +....        u - amulet of magic regeneration
Stlth   ++           h - ring of magical power
HPRegen 0.24/turn    (no ring)
MPRegen 0.55/turn

%: corrode self (3%)
@: no status effects
A: sickness immunity, AC +3, negative energy resistance 1, electricity
resistance, torment resistance 1, petrification resistance, cold vulnerability 1
a: no special abilities


You were on level 4 of the Dungeon.
You visited 1 branch of the dungeon, and saw 4 of its levels.

You collected 241 gold pieces.

Inventory:

Hand Weapons
 c - a +0 dagger
 o - the +1 short sword "Tesmosha" (weapon) {elec, *Corrode rPois Will+}
   (You found it on level 3 of the Dungeon)

   rPois:     It protects you from poison.
   *Corrode:  It may corrode you when you take damage.
   Will:      It increases your willpower.
Missiles
 p - 6 boomerangs
 t - 5 silver javelins
Armour
 a - a +1 robe (worn)
Jewellery
 h - a ring of magical power (left hand)
 u - an amulet of magic regeneration (around neck)
Scrolls
 d - a scroll of amnesia
 e - a scroll of vulnerability
 j - a scroll of enchant armour
 n - 2 scrolls of teleportation {unknown}
 r - a scroll of fear {unknown}
 w - a scroll of blinking {unknown}
 x - a scroll of torment {unknown}
Potions
 b - a potion of magic
 g - a potion of lignification
 m - a potion of heal wounds
 q - a potion of resistance {unknown}
 s - a potion of brilliance {unknown}
 v - a potion of invisibility {unknown}


   Skills:
 + Level 1.1 Fighting
 + Level 0.6 Short Blades
 + Level 2.2 Dodging
 + Level 3.1 Stealth
 + Level 2.6 Spellcasting
 + Level 4.9 Conjurations


You had 5 spell levels left.
You knew the following spells:

 Your Spells              Type           Power      Damage    Failure   Level
a - Magic Dart            Conj           88%        1d7       1%          1
b - Searing Ray           Conj           44%        2d6       3%          2

Your spell library contained the following spells:

 Spells                   Type           Power      Damage    Failure   Level
 Apportation              Tloc           4%         N/A       14%         1
 Necrotise                Necr           8%         1d4       14%         1
 Summon Small Mammal      Summ           8%         N/A       14%         1
 Dazzling Flash           Conj/Hex       24%        N/A       16%         3
 Fulminant Prism          Conj/Hex       6%         3d6       47%         4
 Iskenderun's Mystic Bla  Conj/Tloc      12%        2d5       47%         4


Dungeon Overview and Level Annotations

Branches:
Dungeon (4/15)
 Temple: D:4-7

Altars:
Hepliaklqana

Shops:
D:1 (


Innate Abilities, Weirdness & Mutations

You are immune to sickness and miasma.
Your stone body is resilient. (AC +3)
You are immune to poison.
You resist negative energy. (rN+)
You are resistant to electric shocks. (rElec)
You are resistant to unholy torment.
You are immune to petrification.
You are vulnerable to cold. (rC-)


Message History

Confirm with . or Enter, or press ? or * to list all spells.
Aiming: Magic Dart (safe; 1% risk of failure)
Press: ? - help, Shift-Dir - straight line, f - centaur
Aim: a centaur, wielding a +0 shortbow (100% to hit)
The magic dart hits the centaur.
The centaur is lightly wounded.
The centaur shoots an arrow.
The arrow closely misses you.
Casting: Magic Dart (safe; 1% risk of failure)
Confirm with . or Enter, or press ? or * to list all spells.
Aiming: Magic Dart (safe; 1% risk of failure)
Press: ? - help, Shift-Dir - straight line, f/p - centaur
Aim: a centaur, wielding a +0 shortbow (lightly wounded, 100% to hit)
The magic dart hits the centaur but does no damage.
The centaur is lightly wounded.
The centaur shoots an arrow.
The arrow hits you.
The centaur shoots an arrow.
The arrow hits you!
* * * LOW HITPOINT WARNING * * *
You hear a bark!
Okay, then.
It was a potion of heal wounds.
You feel much better.
A hound comes into view.
As you read the scroll labelled UPSOPH WENT, it crumbles to dust.
You hear a loud clanging noise!
It was a scroll of noise.
You hear an angry hiss.
You hear a shout! x5
The centaur shoots an arrow.
The arrow hits you.
The centaur shoots an arrow.
The arrow hits you!
As you read the scroll labelled YLLU CILOADU, it crumbles to dust.
It is a scroll of enchant armour.
Your +0 robe glows green for a moment.
The centaur shoots an arrow.
The arrow closely misses you.
The air fills with toxic fumes!
As you read the scroll labelled LANUPL PUNIPT, it crumbles to dust.
It was a scroll of poison.
The centaur shoots an arrow.
The arrow hits you!
* * * LOW HITPOINT WARNING * * *
As you read the scroll labelled PEZU UDDOCU, it crumbles to dust.
You feel aware of your surroundings.
You sensed 1 altar.
It was a scroll of magic mapping.
The centaur shoots an arrow.
The arrow hits you.
You die...

,,,,,,*,*,,,,,,,,*****,*,******
*'*,,,*,**,,,,,§§§,,,,,,,,,,,,*
,,*,,,,,,*,****#§#****,*,,,,,,*
*,*****,,#,* #h§,,,.........#**
,,*,,,,,,§§##* #c#***#...)....+,,
,,+,****,§§§§###§#####........###
,,*** **§§§§§§§§§§§>#<..........
*,* *#§§§§§§§§##.##.#..#...#* ,,*
#§§§§§§@§##..#.#..#...#
*+*******#§§§§§§§§##..#.#..#...##
,,,,,,,,,§§§§§§§§§§§..†...††.....
*,*******§§§§§§§§§§§§§#.#..#.####
*,** *§#######§##§§#.####.####
,,,* ***,***** #§§.§§§§.........
*,,* *,,,,,,,* ####.§§§...)..###
*,,****,,,,,,,* #..§§....#....
,,,,,,,,,,,,,,* #.#....#.#.###


You could see a centaur and a hound.

Vanquished Creatures
  An iguana (D:4)
  2 adders
  2 dart slugs
  6 ball pythons
  4 bats
  5 endoplasms
  A giant cockroach (D:1)
  8 goblins
  6 hobgoblins
  3 kobolds
  5 quokkas
  5 frilled lizards
  4 rats (D:1)
52 creatures vanquished.

Notes
Turn   | Place    | Note
-------+----------+-------------------------------------------
     0 | D:1      | Arctor the Gargoyle Conjurer began the quest for the Orb.
     0 | D:1      | Reached XP level 1. HP: 10/10 MP: 3/3
   139 | D:1      | Found Soafomy's Weapon Emporium.
   143 | D:1      | Reached XP level 2. HP: 15/15 MP: 1/5
   814 | D:1      | Reached XP level 3. HP: 19/19 MP: 4/6
   956 | D:1      | Learned a level 2 spell: Searing Ray
  2061 | D:3      | Identified the +1 short sword "Tesmosha" {elec, *Corrode
                  | rPois Will+}
  2083 | D:3      | Found a faded altar of an unknown god.
  2211 | D:3      | Found a hazy altar of Hepliaklqana.
  2290 | D:3      | Reached XP level 4. HP: 24/24 MP: 7/7
  3278 | D:4      | Gained mutation: You are frail. (-10% HP) [potion of
                  | mutation]
  3278 | D:4      | Gained mutation: You are vulnerable to cold. (rC-) [potion
                  | of mutation]
  3278 | D:4      | Lost mutation: You are frail. (-10% HP) [potion of
                  | mutation]
  3281 | D:4      | Reached skill level 1 in Fighting
  3390 | D:4      | Noticed a centaur
  3397 | D:4      | Shot with an arrow by a centaur

Illustrated notes

Levels and vault maps discovered:
D:1:      spicycebolla_green_bress_n_ham_2, layout_loops_cross, serial_shops,
          nicolae_shop_bloodbath_and_beyond
D:2:      layout_loops_ring
D:3:      layout_basic, old_standard_altar, ebering_ecumenical_altar_rust
D:4:      layout_basic, mainiacjoe_overflow_six_doors_small

Skill      XL: |  1  2  3  4 |
---------------+-------------+-----
Dodging        | 2 |  2.2
Stealth        | 3 |  3.1
Fighting       | 1 |  1.1
Short Blades   | |  0.6
Spellcasting   | |  2.6
Conjurations   | |  4.9

Action                     |  1- 3 |  4- 6 || total
---------------------------+-------+-------++-------
  Melee: Unarmed           |     7 |       ||     7
         Short sword       |     6 |    23 ||    29
   Cast: Magic Dart        |    71 |    11 ||    82
    Use: Scroll            |       |     6 ||     6
         Potion            |       |     3 ||     3
   Stab: Sleeping          |       |     3 ||     3
 Armour: Robe              |     7 |     8 ||    15
         Skin              |       |     3 ||     3
  Dodge: Dodged            |    13 |     6 ||    19
